 Dungeon Crawl Stone Soup version 0.27-a0-789-g6bb3289e1e (webtiles) character file.

Game seed: 4681151856675244240

1633 rageheart7 the Ducker (level 8, -5/67 HPs)
             Began as a Gnoll Monk on Mar 26, 2021.
             Was a Believer of Cheibriados.
             Killed from afar by an orc wizard (10 damage)
             ... with a magic dart
             ... on level 7 of the Dungeon.
             The game lasted 00:10:34 (7914 turns).

rageheart7 the Ducker (Gnoll Monk)                  Turns: 7914, Time: 00:10:35

Health: -5/67      AC:  8    Str: 17    XL:     8   Next: 98%
Magic:  13/13      EV: 15    Int: 16    God:    Cheibriados [**....]
Gold:   263        SH:  0    Dex: 19    Spells: 14/14 levels left

rFire    . . .     SeeInvis .   l - +0 quarterstaff (elec)
rCold    . . .     Faith    .   (shield currently unavailable)
rNeg     . . .     Spirit   .   d - +0 ring mail
rPois    .         Reflect  .   (no helmet)
rElec    .         Harm     .   c - +1 cloak
rCorr    .         Rampage  .   (no gloves)
Will     +....                  (no boots)
Stlth    +++.......             (no amulet)
HPRegen  0.21/turn              b - ring of willpower
MPRegen  0.13/turn              (no ring)

@: mighty, very slightly contaminated, invisible, very slow
A: fangs 1, strong nose, distributed training
a: Renounce Religion, Bend Time


You were on level 7 of the Dungeon.
You worshipped Cheibriados.
Cheibriados was pleased with you.
You visited 2 branches of the dungeon, and saw 8 of its levels.

You collected 263 gold pieces.

Inventory:

Hand Weapons
 l - a +0 quarterstaff of electrocution (weapon)
Armour
 c - a +1 cloak (worn)
 d - a +0 ring mail (worn)
Jewellery
 a - a ring of fire
 b - a ring of willpower (right hand)
Wands
 f - a wand of iceblast (5)
 n - a wand of digging (4)
 p - a wand of polymorph (20)
 r - a wand of paralysis (4)
Scrolls
 g - a scroll of teleportation
 o - a scroll of enchant armour
Potions
 q - a potion of flight


   Skills:
 + Level 7.6 Fighting
 + Level 3.7 Short Blades
 + Level 3.7 Long Blades
 + Level 3.7 Axes
 + Level 7.6 Maces & Flails
 + Level 3.7 Polearms
 + Level 3.7 Staves
 + Level 3.7 Slings
 + Level 3.7 Bows
 + Level 3.7 Crossbows
 + Level 3.7 Throwing
 + Level 3.7 Armour
 + Level 7.6 Dodging
 + Level 5.6 Stealth
 + Level 3.7 Shields
 + Level 3.7 Unarmed Combat
 + Level 3.7 Spellcasting
 + Level 3.0 Conjurations
 + Level 3.0 Hexes
 + Level 3.0 Summonings
 + Level 3.0 Necromancy
 + Level 3.0 Translocations
 + Level 3.0 Transmutations
 + Level 3.0 Fire Magic
 + Level 3.0 Ice Magic
 + Level 3.0 Air Magic
 + Level 3.0 Earth Magic
 + Level 3.0 Poison Magic
 + Level 4.1 Invocations
 + Level 3.7 Evocations


You had 14 spell levels left.
You didn't know any spells.
Your spell library contained the following spells:

 Spells                   Type           Power      Damage    Failure   Level
 Foxfire                  Conj/Fire      48%        2x1d6     9%          1
 Conjure Flame            Conj/Fire      12%        6-21      26%         3
 Inner Flame              Hex/Fire       12%        N/A       26%         3
 Sticky Flame             Conj/Fire      12%        2d4       63%         4
 Fireball                 Conj/Fire      6%         3d5       93%         5


Dungeon Overview and Level Annotations

Branches:
Dungeon (7/15)             Temple (1/1) D:5

Altars:
Ashenzari
Cheibriados
Dithmenos
Elyvilon
Gozag
Hepliaklqana
Kikubaaqudgha
Makhleb
Nemelex Xobeh
Qazlal
Trog
Uskayaw
Vehumet
Wu Jian
Xom
Yredelemnul
Zin
The Shining One

Shops:
D:6 !


Innate Abilities, Weirdness & Mutations

You have very sharp teeth.
Your uncanny sense of smell can sniff out nearby items.
Your experience applies equally to all skills.


Message History

You fade into invisibility!
Something hits you but does no damage.
The orc priest invokes the aid of Beogh against you.
Beogh smites you!
* * * LOW HITPOINT WARNING * * *
The orc wizard gestures at itself while chanting.
The orc wizard flickers and vanishes!
You are very lightly contaminated with residual magic.
You miss something. Something hits you but does no damage.
You miss something. Your bite misses something.
Something hits you but does no damage.
You closely miss something. You bite something!
You hear some strange, mumbled words.
A magic dart appears from out of thin air!
The magic dart hits you.
* * * LOW HITPOINT WARNING * * *
You closely miss something. Something hits you but does no damage.
The orc priest invokes the aid of Beogh against something.
Something writhes in agony!
Reactivating autopickup.
You feel a bit more experienced.
The orc priest mumbles some strange prayers to Beogh against you.
Pain shoots through your body!
* * * LOW HITPOINT WARNING * * *
The orc priest hits you with a +0 hand axe.
* * * LOW HITPOINT WARNING * * *
Items here: )) [[ †.
You hit the orc priest.
The orc priest is moderately wounded.
The orc priest completely misses you.
You hit the orc priest.
The orc priest is severely wounded.
You catch the helpless orc priest completely off-guard!
You sock the orc priest!
You kill the orc priest!
Cheibriados appreciates the change of pace.
A magic dart appears from out of thin air!
Deactivating autopickup; reactivate with Ctrl-A.
The magic dart hits you!
You die...

[.o................
#.o..)..#.............#
#..+.........._...
#..#.............. #
#..#..............
#.##..#.........#...#
#....................
####..)...#.#...##..#
#.).@.{..............
####..........#.##..#
.............#.##...
.....####.....#.##..#
####...........#......
....................
##.###.#.....#.###.# #.
#.#.#+#.#.# #.# #.
#.#.###.#


There were no monsters in sight!

Vanquished Creatures
  4 yaks
  A water moccasin (D:6)
  A black bear (D:6)
  An orc warrior (D:7)
  A sky beast (D:6)
  A necrophage (D:5)
  An ogre (D:4)
  A scorpion (D:3)
  3 hounds
  A gnoll shaman (D:3)
  An orc priest (D:7)
  An orc wizard (D:6)
  Robin (D:2)
  9 gnolls
  6 adders
  A shadow imp (D:6)
  An ufetubus (D:5)
  7 worms
  3 dart slugs
  9 orcs
  9 bats
  13 endoplasms
  4 giant cockroaches
  11 goblins
  6 hobgoblins
  4 jackals (D:3)
  4 quokkas
  5 ball pythons
  5 frilled lizards
  6 kobolds
  5 rats (D:1)
126 creatures vanquished.

Vanquished Creatures (others)
  An orc wizard (D:7)
1 creature vanquished.

Grand Total: 127 creatures vanquished

Notes
Turn   | Place    | Note
-------+----------+-------------------------------------------
     0 | D:1      | rageheart7 the Gnoll Monk began the quest for the Orb.
     0 | D:1      | Reached XP level 1. HP: 23/23 MP: 1/1
   209 | D:1      | Reached XP level 2. HP: 26/29 MP: 2/2
   519 | D:1      | Reached XP level 3. HP: 35/35 MP: 3/3
   835 | D:2      | Found a stormy altar of Qazlal.
   891 | D:2      | Reached skill level 1 in Invocations
  1048 | D:2      | Reached skill level 1 in Short Blades
  1048 | D:2      | Reached skill level 1 in Long Blades
  1048 | D:2      | Reached skill level 1 in Axes
  1048 | D:2      | Reached skill level 1 in Polearms
  1048 | D:2      | Reached skill level 1 in Staves
  1048 | D:2      | Reached skill level 1 in Slings
  1048 | D:2      | Reached skill level 1 in Bows
  1048 | D:2      | Reached skill level 1 in Crossbows
  1048 | D:2      | Reached skill level 1 in Throwing
  1048 | D:2      | Reached skill level 1 in Armour
  1048 | D:2      | Reached skill level 1 in Shields
  1048 | D:2      | Reached skill level 1 in Unarmed Combat
  1048 | D:2      | Reached skill level 1 in Spellcasting
  1048 | D:2      | Reached skill level 1 in Evocations
  1412 | D:2      | Found a broken altar of Ashenzari.
  1441 | D:2      | Reached XP level 4. HP: 23/41 MP: 5/5
  1777 | D:2      | Noticed Robin
  1843 | D:2      | Killed Robin
  1852 | D:2      | Reached skill level 1 in Conjurations
  1852 | D:2      | Reached skill level 1 in Hexes
  1852 | D:2      | Reached skill level 1 in Summonings
  1852 | D:2      | Reached skill level 1 in Necromancy
  1852 | D:2      | Reached skill level 1 in Translocations
  1852 | D:2      | Reached skill level 1 in Transmutations
  1852 | D:2      | Reached skill level 1 in Fire Magic
  1852 | D:2      | Reached skill level 1 in Ice Magic
  1852 | D:2      | Reached skill level 1 in Air Magic
  1852 | D:2      | Reached skill level 1 in Earth Magic
  1852 | D:2      | Reached skill level 1 in Poison Magic
  2637 | D:3      | Found a glowing golden altar of the Shining One.
  3064 | D:3      | Reached XP level 5. HP: 7/47 MP: 5/7
  4343 | D:4      | Noticed an ogre
  4356 | D:4      | Killed an ogre
  4357 | D:4      | Reached XP level 6. HP: 26/53 MP: 8/8
  5022 | D:4      | Noticed a yak
  5022 | D:4      | Noticed a yak
  5022 | D:4      | Noticed a yak
  5023 | D:4      | Noticed a yak
  5038 | D:3      | Killed a yak
  5039 | D:3      | Reached XP level 7. HP: 27/60 MP: 10/10
  5323 | D:4      | Found an ornate altar of the Wu Jian Council.
  5327 | D:4      | Killed a yak
  5327 | D:4      | Killed a yak
  5327 | D:4      | Killed a yak
  5328 | D:4      | Reached skill level 5 in Stealth
  5328 | D:4      | Reached XP level 8. HP: 67/67 MP: 10/12
  5380 | D:5      | Entered Level 5 of the Dungeon
  5626 | D:5      | Found a staircase to the Ecumenical Temple.
  5771 | D:5      | Found a hazy altar of Hepliaklqana.
  5978 | Temple   | Entered the Ecumenical Temple
  6340 | Temple   | Became a worshipper of Cheibriados the Contemplative
  6340 | Temple   | Reached * piety under Cheibriados
  6340 | Temple   | Reached ** piety under Cheibriados
  6898 | D:6      | Found a white marble altar of Elyvilon.
  7026 | D:6      | Found an opulent altar of Gozag.
  7242 | D:6      | Found Quur Moetta's Distillery.
  7863 | D:7      | Found a basalt altar of Yredelemnul.
  7907 | D:7      | HP: 3/67 [orc priest/+0 hand axe (3)]
  7914 | D:7      | Killed from afar by an orc wizard

Illustrated notes

Levels and vault maps discovered:
D:1:      eino_arrival_cavern_d, layout_rooms
D:2:      layout_loops_ring, lemuel_crystal_altar,
          nicolae_qazlal_general_emergency, uniq_robin
D:3:      layout_basic, dk_noncrumbling_2, tso_altar
D:4:      layout_basic, nzn_wu_jian_council_hall, portal_sewer_entry_d,
          kennysheep_doodads, kennysheep_generic_room_4
D:5:      layout_cave_pools, temple_hall, basic_altar
D:6:      layout_loops_corners, kennysheep_mini_moat, overflow_temple_1_default,
          serial_shops, nicolae_shop_waterfront
D:7:      layout_basic, basic_altar
Temple:   hc_temple_tempest_star

Skill      XL: |  1  2  3  4  5  6  7  8 |
---------------+-------------------------+-----
Invocations    | 1 2 3 4 |  4.1
Short Blades   | 1 2 3 |  3.7
Long Blades    | 1 2 3 |  3.7
Axes           | 1 2 3 |  3.7
Polearms       | 1 2 3 |  3.7
Staves         | 1 2 3 |  3.7
Slings         | 1 2 3 |  3.7
Bows           | 1 2 3 |  3.7
Crossbows      | 1 2 3 |  3.7
Throwing       | 1 2 3 |  3.7
Armour         | 1 2 3 |  3.7
Shields        | 1 2 3 |  3.7
Unarmed Combat | 1 2 3 |  3.7
Spellcasting   | 1 2 3 |  3.7
Evocations     | 1 2 3 |  3.7
Conjurations   | 1 2 3 |  3.0
Hexes          | 1 2 3 |  3.0
Summonings     | 1 2 3 |  3.0
Necromancy     | 1 2 3 |  3.0
Translocations | 1 2 3 |  3.0
Transmutations | 1 2 3 |  3.0
Fire Magic     | 1 2 3 |  3.0
Ice Magic      | 1 2 3 |  3.0
Air Magic      | 1 2 3 |  3.0
Earth Magic    | 1 2 3 |  3.0
Poison Magic   | 1 2 3 |  3.0
Fighting       | 7 |  7.6
Maces & Flails | 7 |  7.6
Dodging        | 7 |  7.6
Stealth        | 5 |  5.6

Action                   |  1- 3 |  4- 6 |  7- 9 || total
-------------------------+-------+-------+-------++-------
Melee: Mace              |   118 |   231 |       ||   349
       Bite              |     7 |    28 |    19 ||    54
       Punch             |     1 |     5 |       ||     6
       Quarterstaff      |       |    15 |   137 ||   152
Evoke: Wand              |       |       |     5 ||     5
  Use: Potion            |     2 |     2 |     4 ||     8
       Scroll            |       |       |     9 ||     9
 Stab: Sleeping          |    10 |     5 |     3 ||    18
       Distracted        |       |     2 |       ||     2
       Invisible         |       |       |     1 ||     1
Armor: Ring mail         |    29 |    71 |    48 ||   148
       Robe              |     1 |       |       ||     1
       Skin              |     6 |     4 |       ||    10
Dodge: Dodged            |    60 |   159 |    94 ||   313

Table legend: (Time is in decaauts)
 A = Elapsed time spent in this place.
 B = Non-inter-level travel time spent in this place.
 C = Inter-level travel time spent in this place.
 D = Time resting spent in this place.
 E = Time spent auto-exploring this place.
 F = Levels seen in this place.
 G = Mean time per level.
                   A        B        C        D        E       F      G
               +--------+--------+--------+--------+--------+-----+--------+
         Total |   8416 |   8067 |    349 |   1357 |   5453 |   8 | 1052.0 |
       Dungeon |   8014 |   7761 |    253 |   1357 |   5150 |   7 | 1144.9 |
        Temple |    401 |    306 |     95 |      0 |    303 |   1 |  401.0 |
               +--------+--------+--------+--------+--------+-----+--------+

Top non-repeatable levels by time:
     D:6: 1858 daAuts
     D:2: 1816 daAuts
     D:3: 1665 daAuts
     D:4: 1129 daAuts
     D:1: 810 daAuts
     D:5: 643 daAuts
  Temple: 401 daAuts
     D:7: 90 daAuts
